 Dungeon Crawl Stone Soup version 0.21-a0-421-gfc1ce30 (webtiles) character file.

591 tof the Slasher (level 7, 0/61 HPs)
             Began as a Minotaur Berserker on Nov 4, 2017.
             Was a Priest of Trog.
             Slain by an iguana (6 damage)
             ... on level 5 of the Dungeon.
             The game lasted 00:06:01 (2563 turns).

tof the Slasher (Minotaur Berserker)                Turns: 2563, Time: 00:06:02

Health: 0/61       AC:  8    Str: 25    XL:     7   Next: 16%
Magic:  6/6        EV: 17    Int:  4    God:    Trog [***...]
Gold:   151        SH:  0    Dex: 11    Spells: 6/6 levels left

rFire    . . .     SeeInvis .   a - +0 falchion
rCold    . . .     Gourm    .   (no shield)
rNeg     . . .     Faith    +   q - +0 ring mail
rPois    .         Spirit   .   (helmet restricted)
rElec    .         Reflect  .   (no cloak)
rCorr    .         Harm     .   D - +1 pair of gloves
MR       .....                  (no boots)
Stlth    +.........             j - amulet of faith
HPRegen  0.20/turn              B - +3 ring of strength
MPRegen  0.10/turn              z - +5 ring of evasion

@: berserk cooldown, fainting, slowed, very slow
A: retaliatory headbutt, horns 2
a: Berserk, Trog's Hand, Burn Spellbooks, Renounce Religion


You were on level 5 of the Dungeon.
You worshipped Trog.
Trog was most pleased with you.
You were fainting.

You visited 1 branch of the dungeon, and saw 5 of its levels.

You collected 151 gold pieces.

Inventory:

Hand Weapons
 a - a +0 falchion (weapon)
Missiles
 p - 4 needles of confusion
 w - 2 tomahawks (quivered)
Armour
 q - a +0 ring mail (worn)
 D - a +1 pair of gloves (worn)
Jewellery
 j - an amulet of faith (around neck)
 z - a +5 ring of evasion (right hand)
 B - a +3 ring of strength (left hand)
Wands
 y - a wand of iceblast (9/15)
Scrolls
 d - a scroll of blinking {unknown}
 h - 2 scrolls of fear {unknown}
 k - 6 scrolls of identify {unknown}
 l - 3 scrolls of teleportation {unknown}
 m - 3 scrolls of magic mapping {unknown}
 n - a scroll of random uselessness {unknown}
 o - 4 scrolls of remove curse {unknown}
 A - a scroll of enchant armour {unknown}
 C - a scroll of amnesia {unknown}
Potions
 e - 4 potions of curing
 f - 2 potions of agility {unknown}
 g - 2 potions of lignification {unknown}
 i - 3 potions of berserk rage {unknown}
 r - a potion of mutation {unknown}
 s - a potion of resistance {unknown}
 t - a potion of brilliance {unknown}
 u - a potion of flight {unknown}
 x - a potion of degeneration {unknown}
 E - 2 potions of invisibility {unknown}
 F - a potion of might {unknown}
Comestibles
 b - 2 meat rations
 c - 3 bread rations
 v - 3 royal jellies


   Skills:
 + Level 5.2 Fighting
 * Level 6.5 Long Blades
 + Level 2.7 Throwing
 + Level 4.3 Armour
 + Level 3.9 Dodging


You had 6 spell levels left.
You didn't know any spells.

Dungeon Overview and Level Annotations

Branches:
Dungeon (5/15)
 Temple: D:4-7

Altars:
Wu Jian


Innate Abilities, Weirdness & Mutations

You reflexively headbutt those who attack you in melee.
You have a pair of horns on your head.


Message History

The iguana bites you. The iguana bites you!
* * * LOW HITPOINT WARNING * * *
The iguana bites you but does no damage. x4
The iguana bites you!
* * * LOW HITPOINT WARNING * * *
The iguana bites you but does no damage.
The iguana bites you.
* * * LOW HITPOINT WARNING * * *
The iguana bites you.
* * * LOW HITPOINT WARNING * * *
The iguana bites you.
* * * LOW HITPOINT WARNING * * *
You can move again.
The iguana misses you.
Found a buckler.
Things that are here:
a dagger of speed; a robe The iguana bites you.
You die...

#.#.###..#...
#.#)#.........
###[#.#.#.......
?$.............
#...(.........
#..##...#.....
###.##.....)†.....#
.......@l).<†......
#.........%.......#
..#$.#..##.#.####.#
#..$.......#
...#?..##.###
............
...#.#.####. .##.
.# .#


You could see an iguana.

Vanquished Creatures
  The ghost of Autsider the Digger, an amateur GrEE (D:3)
  Duvessa (D:5)
  Dowan (D:5)
  A scorpion (D:4)
  A hound (D:4)
  A centaur skeleton (D:5)
  Jessica (D:2)
  A worker ant (D:4)
  5 adders
  A shadow imp (D:3)
  An ooze (D:3)
  2 worms (D:2)
  2 dart slugs
  A leopard gecko (D:5)
  3 orcs (D:3)
  2 ball pythons
  4 giant cockroaches
  3 goblins
  7 hobgoblins
  6 jackals
  3 kobolds
  2 quokkas
  6 bats
  5 frilled lizards
  8 rats
69 creatures vanquished.

Notes
Turn   | Place    | Note
-------+----------+-------------------------------------------
     0 | D:1      | tof the Minotaur Berserker began the quest for the Orb.
     0 | D:1      | Reached XP level 1. HP: 19/19 MP: 0/0
    24 | D:1      | Reached XP level 2. HP: 26/27 MP: 1/1
   479 | D:2      | Noticed Jessica
   479 | D:2      | Reached skill level 4 in Long Blades
   485 | D:2      | Killed Jessica
   485 | D:2      | Reached skill level 1 in Throwing
   485 | D:2      | Reached XP level 3. HP: 33/33 MP: 2/2
   497 | D:2      | Reached ** piety under Trog
   860 | D:2      | Reached XP level 4. HP: 40/40 MP: 3/3
  1462 | D:3      | Noticed Autsider's ghost (amateur GrEE)
  1471 | D:3      | Killed Autsider's ghost
  1471 | D:3      | Reached skill level 5 in Long Blades
  1471 | D:3      | Reached XP level 5. HP: 46/47 MP: 4/4
  1499 | D:3      | Reached XP level 6. HP: 48/53 MP: 5/5
  1666 | D:3      | Reached *** piety under Trog
  2062 | D:4      | Found an ornate altar of the Wu Jian Council.
  2420 | D:4      | Reached skill level 6 in Long Blades
  2518 | D:5      | Entered Level 5 of the Dungeon
  2518 | D:5      | Noticed Duvessa
  2518 | D:5      | Noticed Dowan
  2528 | D:5      | Killed Duvessa
  2528 | D:5      | Reached skill level 5 in Fighting
  2529 | D:5      | Reached XP level 7. HP: 61/61 MP: 6/6
  2532 | D:5      | Killed Dowan
  2535 | D:5      | Paralysed by fainting for 8 turns
  2548 | D:5      | Paralysed by fainting for 12 turns
  2563 | D:5      | Slain by an iguana

Vault maps used:
D:1:      lightli_arrival_noodles, grunt_decor_mini_mirrors
D:2:      st_stairs_4, uniq_jessica
D:4:      kennysheep_little_box, first_bread
D:5:      uniq_duvessa

Skill      XL: |  1  2  3  4  5  6 |
---------------+-------------------+-----
Long Blades    | 4 5 6 |  6.5
Fighting       | 4 5 |  5.2
Throwing       | 1 2 |  2.7
Armour         | 3 4 |  4.3
Dodging        | 3 |  3.9

Action                   |  1- 3 |  4- 6 |  7- 9 || total
-------------------------+-------+-------+-------++-------
Melee: Falchion          |    57 |    88 |     7 ||   152
       Headbutt          |    10 |    21 |     1 ||    32
Invok: Berserk           |       |     1 |       ||     1
       Trog's Hand       |       |     1 |       ||     1
  Eat: Chunk             |       |     4 |       ||     4
Armor: Animal skin       |     3 |       |       ||     3
       Ring mail         |     9 |    29 |     7 ||    45
Dodge: Dodged            |    38 |    64 |     4 ||   106
       Rpst.: Falchion   |     9 |    15 |       ||    24

Table legend:
 A = Spawn XP
 B = Non-spawn XP
 C = Spawn XP percentage of total XP
 D = Spawn monster count
 E = Non-spawn monster count
 F = Spawn count percentage of total count
 G = Total turns spent on level
                    A         B        C        D         E        F      G
               +---------+---------+-------+---------+---------+-------+---------
         Total |       0 |     845 |   0.0 |       0 |      69 |   0.0 |  2563
               +---------+---------+-------+---------+---------+-------+---------
           D:1 |       0 |      24 |   0.0 |       0 |      14 |   0.0 |   474
           D:2 |       0 |     100 |   0.0 |       0 |      20 |   0.0 |   784
           D:3 |       0 |     291 |   0.0 |       0 |      22 |   0.0 |   685
           D:4 |       0 |     148 |   0.0 |       0 |       7 |   0.0 |   575
           D:5 |       0 |     282 |   0.0 |       0 |       6 |   0.0 |    45
               +---------+---------+-------+---------+---------+-------+---------
